AoeStats
← danjo

Four Lakes

508206914Analyzed
1v1 RM · 12d ago on Sep 21, 2026· 57m 3s· 2 players
Game mode
Random Map
Map size
Tiny (2 player)
Population
200
Speed
Normal
Resources
Standard
Victory
Conquest
Starting age
Dark Age
Ending age
Imperial Age
RankedLock teamsTeams togetherTeam positionsShared explorationLock speedFull tech treeHidden civsTurbo modeCheats
Victory
Defeat
🇵🇱 Cumans · Poland
1173
+15
🇩🇪 Malians · Germany
1150
-15
danjo
10:48 Feudal Age
15:11 Castle Age
14:46 Scale Barding Armor
14:52 Forging
14:36 Fishing Lines
15:00 Loom
16:12 Gillnets
20:28 Double-Bit Axe
21:19 Chain Barding Armor
24:12 Gold Mining
25:36 Gold Shaft Mining
28:04 Imperial Age
26:05 Fletching
26:52 Husbandry
27:03 Bloodlines
27:51 Wheelbarrow
31:09 Elite Skirmisher
32:51 Chemistry
32:31 Thumb Ring
31:58 Elite Gbeto
33:35 Conscription
34:35 Scale Mail Armor
34:36 Padded Archer Armor
36:20 Ballistics
35:55 Murder Holes
38:47 Chain Mail Armor
39:08 Iron Casting
38:57 Bodkin Arrow
38:29 Heavy Camel Rider
43:14 Plate Barding Armor
43:25 Leather Archer Armor
43:37 Bow Saw
45:18 Farimba
48:02 Stone Mining
51:57 Light Cavalry
54:07 Plate Mail Armor
54:08 Ring Archer Armor
53:12 Pikeman
53:52 Squires
antylagi
5:45 Loom
8:22 Feudal Age
10:26 Double-Bit Axe
13:20 Horse Collar
16:41 Town Watch
19:37 Wheelbarrow
21:48 Castle Age
21:00 Forging
20:55 Scale Barding Armor
20:52 Scale Mail Armor
23:13 Bow Saw
22:32 Pikeman
23:14 Squires
24:34 Hand Cart
24:39 Gold Mining
25:31 Fletching
26:22 Bodkin Arrow
26:34 Scale Barding Armor
28:11 Heavy Plow
28:41 Ballistics
29:33 Chain Barding Armor
29:53 Iron Casting
34:36 Imperial Age
34:00 Gold Shaft Mining
34:23 Chain Barding Armor
34:40 Elite Kipchak
36:30 Chemistry
34:54 Elite Steppe Lancer
35:56 Bloodlines
36:51 Blast Furnace
38:18 Halberdier
40:19 Plate Barding Armor
41:03 Light Cavalry
42:11 Hussar
Connection lost

Rejoining the realm…

Still unreachable

The connection could not be restored.

Session expired

The server has moved on; the page needs a fresh start.